Map: King Sejong Station LE

Players

Fropez

  • Race: Protoss Protoss
  • League: Gold
  • Spawn Location: 11:00

Abortionist - Winner!

  • Race: Terran Terran
  • League: Gold
  • Spawn Location: 5:00

VOD

Have the link to the VOD?

Description

Time

  • Played on: Sept. 19, 2016, 7:05 p.m.
  • Length: 10:43
Show
View Real Time Build Order
Export as new Build Order

Fropez Protoss 

Build Orders:  

Get SALT Encoding   

  12  0:01  Probe (Chrono Boost)  
  13  0:13  Pylon  
  13  0:21  Probe (Chrono Boost)  
  14  0:32  Gateway  
  14  0:39  Probe (Chrono Boost)  
  14  0:42  Assimilator  
  15  0:49  Probe (Chrono Boost)  
  16  0:54  Pylon  
  16  1:00  Probe (Chrono Boost)  
  17  1:12  Gateway  
  17  1:21  Cybernetics Core  
  17  1:25  Probe (Chrono Boost)  
  18  1:32  Assimilator  
  18  1:36  Probe (Chrono Boost)  
  19  1:46  Probe (Chrono Boost)  
  20  1:57  Warp Gate (Chrono Boost)  
  20  1:59  Adept  
  23  2:02  Adept  
  23  2:04  Probe (Chrono Boost)  
  25  2:17  Probe  
  25  2:22  Pylon  
  26  2:26  Adept  
  28  2:30  Pylon  
  28  2:37  Adept  
  30  2:49  Mothership Core (Chrono Boost)  
  32  2:54  Adept  
  34  3:08  Probe  
  34  3:11  Adept  
  37  3:18  Twilight Council  
  37  3:20  Probe  
  37  3:26  Pylon  
  38  3:48  Pylon  
  38  3:56  Pylon  
  38  4:07  Pylon  
  38  4:38  Resonating Glaives  
  38  4:43  Robotics Facility  
  38  4:46  Pylon  
  38  4:53  Nexus  
  38  4:55  Probe  
  38  4:56  Pylon  
  39  5:04  Gateway  
  39  5:06  Gateway  
  39  5:14  Pylon, Probe  
  40  5:26  Probe  
  40  5:27  Adept x2  
  45  5:36  Warp Prism (Chrono Boost)  
  45  5:38  Probe  
  48  5:50  Probe  
  49  5:57  Stalker  
  49  6:00  Stalker  
  49  6:02  Probe  
  54  6:10  Observer (Chrono Boost)  
  55  6:12  Stalker  
  46  6:39  Adept x2  
  49  6:59  Stalker  
  49  7:00  Stalker  
  51  7:05  Stalker  
  51  7:07  Probe  
  51  7:08  Probe  
  55  7:18  Probe  
  50  7:48  Assimilator  
  44  7:51  Assimilator  
  44  7:54  Pylon  
  44  7:57  Probe  
  44  7:58  Probe  
  46  8:05  Gateway  
  46  8:09  Gateway x2  
  46  8:12  Pylon  
  46  8:13  Probe  
  46  8:14  Probe  
  48  8:42  Twilight Council, Probe  
  48  8:43  Probe  
  48  8:44  Gateway  
  48  8:45  Pylon  
  50  8:50  Stalker x2  
  54  8:56  Observer (Chrono Boost)  
  54  9:02  Probe  
  55  9:03  Probe  
  57  9:38  Probe  
  57  9:39  Probe  
  59  9:46  Stalker  
  59  9:47  Stalker  
  57  9:57  Stalker x2  
  57  9:58  Stalker x4  
  44  10:31  Adept x2  
  44  10:32  Adept x3  
Show
View Real Time Build Order
Export as new Build Order

Abortionist Terran - Winner!

Build Orders: MMM Bio 

Get SALT Encoding   

  12  0:01  SCV  
  13  0:13  SCV  
  14  0:26  Supply Depot, Refinery  
  14  0:28  SCV  
  15  0:47  SCV  
  16  0:50  Barracks  
  16  0:59  SCV  
  16  1:00  Supply Depot  
  17  1:12  SCV  
  17  1:13  Refinery  
  18  1:24  SCV  
  19  1:36  SCV  
  19  1:39  Marine  
  21  1:47  Factory  
  21  1:48  SCV  
  22  1:57  Marine  
  23  2:03  SCV  
  23  2:04  Barracks  
  25  2:15  SCV  
  25  2:16  Marine  
  26  2:32  Starport  
  26  2:38  Starport  
  26  2:40  Widow Mine  
  26  2:44  Marine  
  29  2:52  Supply Depot  
  29  2:54  Marine  
  30  3:05  Barracks Tech Lab  
  30  3:15  Medivac x2  
  34  3:23  Supply Depot  
  34  3:25  Widow Mine  
  36  3:32  Barracks Reactor  
  36  3:39  Stimpack  
  36  3:45  Orbital Command  
  36  4:08  Marauder  
  38  4:30  Factory Tech Lab  
  38  4:32  Marine  
  38  4:33  Marine, Marauder  
  42  4:50  Marine x2, Command Center  
  44  4:54  Marine  
  44  4:56  Starport Reactor  
  44  4:57  Starport Reactor  
  45  5:08  Marine  
  45  5:11  Marine  
  47  5:16  Marauder  
  49  5:26  Marine  
  50  5:30  Supply Depot  
  50  5:31  Supply Depot  
  50  5:33  Marine  
  51  5:38  Marauder  
  53  5:44  Marine  
  54  5:50  Marine  
  55  5:59  Marauder  
  55  6:01  Marine  
  49  7:06  Marine x2, Marauder  
  53  7:09  Medivac x2  
  53  7:10  Medivac x2  
  61  7:24  Marine x2  
  61  7:25  Siege Tank  
  61  7:28  Marauder  
  67  7:57  Siege Tank  
  70  8:00  Engineering Bay  
  70  8:03  Engineering Bay  
  70  8:04  Combat Shields  
  70  8:08  Viking x3  
  76  8:12  Viking  
  78  8:23  SCV  
  79  8:29  Siege Tank  
  79  8:31  Terran Infantry Weapons Level 1  
  82  8:35  SCV  
  83  8:47  SCV  
  84  8:59  SCV  
  84  9:01  Marine x2  
  84  9:02  Marauder  
  89  9:11  SCV  
  89  9:12  Missile Turret  
  90  9:19  Marine  
  90  9:23  SCV  
  92  9:35  SCV  
  93  10:05  Marine  
  94  10:11  Marine  
  94  10:14  Supply Depot x2, Marauder  
  94  10:15  Supply Depot  
  94  10:17  Supply Depot  
  93  10:22  Marine  
Tags
 
Composition
MMM Bio
League
GoldGold
Matchup
PvT
Replay Pack
All Mines
Spawn Locations
Cross Positions
Add a new tag
Caveats
  • Supply blocks, unpowered buildings, or Contaminate may cause inaccurate times.
  • Supply counts are checked every 10 seconds.